 Dungeon Crawl Stone Soup version 0.23.1 (webtiles) character file.

Game seed: 12381302659169850799

1281 Borgoz the Cutter (level 8, -1/67 HPs)
             Began as a Ghoul Monk on Mar 16, 2019.
             Slain by a hippogriff (4 damage)
             ... on level 7 of the Dungeon.
             The game lasted 00:08:01 (4145 turns).

Borgoz the Cutter (Ghoul Monk)                      Turns: 4145, Time: 00:08:02

Health: -1/67      AC:  9    Str: 20    XL:     8   Next: 54%
Magic:  7/7        EV: 13    Int:  5    God:
Gold:   243        SH:  4    Dex: 13    Spells: 7/7 levels left

rFire    . . .     SeeInvis .   b - +1 dagger (venom)
rCold    + . .     Gourm    .   p - +0 buckler {reflect}
rNeg     + + +     Faith    .   i - +0 ring mail
rPois    ∞         Spirit   .   a - +2 hat
rElec    .         Reflect  +   v - +0 cloak
rCorr    .         Harm     .   (no gloves)
MR       .....                  (no boots)
Stlth    ++........             (no amulet)
HPRegen  0.00/turn              (no ring)
MPRegen  0.10/turn              (no ring)

@: mighty, rotting
A: rotting body, claws 1, carnivore, cold resistance 1, negative energy
resistance 3, inhibited regeneration, torment resistance, unbreathing
a: no special abilities


You were on level 7 of the Dungeon.
You were not hungry.

You visited 1 branch of the dungeon, and saw 7 of its levels.

You collected 243 gold pieces.

Inventory:

Hand Weapons
 b - a +1 dagger of venom (weapon)
Missiles
 y - 3 javelins (quivered)
Armour
 a - a +2 hat (worn)
 i - a +0 ring mail (worn)
 p - a +0 buckler of reflection (worn)
 u - a +2 scale mail of cold resistance
 v - a +0 cloak (worn)
Jewellery
 z - an uncursed ring of protection from fire {unknown}
Wands
 q - a wand of polymorph (11)
 s - a wand of flame (10)
Scrolls
 d - a scroll of noise {unknown}
 e - 2 scrolls of blinking {unknown}
 f - a scroll of enchant weapon {unknown}
 g - 6 scrolls of identify {unknown}
 n - 2 scrolls of enchant armour {unknown}
 o - 2 scrolls of magic mapping {unknown}
 x - a scroll of teleportation {unknown}
Potions
 h - a potion of ambrosia {unknown}
 j - a potion of agility {unknown}
 k - a potion of heal wounds {unknown}
 m - a potion of curing {unknown}
 r - a potion of magic {unknown}
 t - a potion of cancellation {unknown}
Comestibles
 c - 8 rations
 w - a chunk of flesh


   Skills:
 + Level 4.9 Fighting
 * Level 5.2 Short Blades
 * Level 4.1 Armour
 * Level 5.1 Dodging
 + Level 4.4 Stealth
 + Level 2.4 Shields


You had 7 spell levels left.
You didn't know any spells.
Your spell library was empty.

Dungeon Overview and Level Annotations

Branches:
Dungeon (8/15)
 Temple: D:4-7         Lair: D:8-11

Altars:
Yredelemnul

Shops:
D:5 %


Innate Abilities, Weirdness & Mutations

Your body is rotting away.
You thrive on raw meat.
You are immune to poison.
You have sharp fingernails.
You are carnivorous and can eat meat at any time.
Your flesh is cold resistant. (rC+)
You are immune to negative energy. (rN+++)
You do not regenerate when monsters are visible.
You are immune to unholy pain and torment.
You can survive without breathing.


Message History

The hippogriff claws you.
You barely miss the hippogriff.
The hippogriff is lightly wounded.
Your shield prevents you from hitting the hippogriff.
The hippogriff is lightly wounded.
The hippogriff bites you. The hippogriff pecks you.
* * * LOW HITPOINT WARNING * * *
The hippogriff closely misses you.
The orc priest calls down the wrath of Beogh upon you.
Beogh smites you!
* * * LOW HITPOINT WARNING * * *
You feel very mighty all of a sudden. The hippogriff barely misses you.
The hippogriff closely misses you.
The hippogriff claws you but does no damage.
You hit the hippogriff.
The hippogriff is poisoned.
The hippogriff is lightly wounded.
The hippogriff bites you.
* * * LOW HITPOINT WARNING * * *
The hippogriff pecks you.
You die...

#######.###.######...#
....>.....÷......+...+
####.######.######...#
#.# #.# #....# #.# #.#
#....# #.# #.# ....###
#.# #.# #.)...#
#.######.######Y.##.####
.............@Hoo......#
.##############........
###..##.. ..# ##


You could see a hippogriff, an ice beast, an orc priest and an orc.

Vanquished Creatures
  Sigmund (D:3)
  2 water moccasins (D:8)
  A sky beast (D:5)
  An ogre (D:5)
  A bullfrog (D:5)
  A howler monkey (D:5)
  A crimson imp (D:5)
  5 orc wizards
  A centaur skeleton (D:5)
  3 orc priests (D:5)
  Natasha (twice) (D:3)
  3 worker ants (D:5)
  Terence (D:3)
  A hound skeleton (D:5)
  7 adders
  A river rat (D:3)
  An adder skeleton (D:5)
  3 dart slugs
  4 leopard geckos
  9 orcs
  5 giant cockroaches
  7 goblins
  11 hobgoblins
  10 jackals
  8 kobolds
  3 quokkas
  6 bats
  8 frilled lizards
  10 rats
117 creatures vanquished.

Notes
Turn   | Place    | Note
-------+----------+-------------------------------------------
     0 | D:1      | Borgoz the Ghoul Monk began the quest for the Orb.
     0 | D:1      | Reached XP level 1. HP: 19/19 MP: 0/0
   128 | D:1      | Reached XP level 2. HP: 22/26 MP: 1/1
   721 | D:1      | Reached XP level 3. HP: 30/31 MP: 2/2
   880 | D:2      | Reached skill level 1 in Armour
  1077 | D:2      | Reached XP level 4. HP: 27/38 MP: 3/3
  1651 | D:3      | Noticed Natasha
  1656 | D:3      | Killed Natasha
  1656 | D:3      | Reached XP level 5. HP: 34/46 MP: 4/4
  1778 | D:3      | Noticed Natasha
  1789 | D:3      | Killed Natasha
  2074 | D:3      | Found a glowing drain.
  2235 | D:3      | Found a basalt altar of Yredelemnul.
  2311 | D:3      | Noticed Sigmund
  2320 | D:3      | Killed Sigmund
  2320 | D:3      | Reached skill level 1 in Shields
  2320 | D:3      | Reached XP level 6. HP: 34/52 MP: 5/5
  2378 | D:3      | Noticed Terence
  2391 | D:3      | Killed Terence
  2882 | D:4      | Noticed a phantom
  2936 | D:5      | Entered Level 5 of the Dungeon
  2936 | D:5      | Found Methi's Food Shop.
  2977 | D:5      | Reached XP level 7. HP: 19/59 MP: 6/6
  3717 | D:5      | Reached XP level 8. HP: 67/67 MP: 7/7
  3867 | D:5      | You fall through a shaft for 3 floors!
  3909 | D:8      | Reached skill level 5 in Short Blades
  4055 | D:8      | Reached skill level 5 in Dodging
  4115 | D:7      | Noticed a hippogriff
  4145 | D:7      | HP: 3/67 [hippogriff (6)]
  4145 | D:7      | Slain by a hippogriff

Skill      XL: |  1  2  3  4  5  6  7  8 |
---------------+-------------------------+-----
Short Blades   | 3 4 5 |  5.2
Dodging        | 3 4 5 |  5.1
Armour         | 1 2 3 4 |  4.1
Stealth        | 3 4 |  4.4
Fighting       | 4 |  4.9
Shields        | 1 2 |  2.4

Action                   |  1- 3 |  4- 6 |  7- 9 || total
-------------------------+-------+-------+-------++-------
Melee: Short sword       |    46 |       |       ||    46
       Dagger            |    84 |   243 |   191 ||   518
  Use: Potion            |       |       |     3 ||     3
 Stab: Sleeping          |     5 |     3 |     2 ||    10
       Distracted        |       |       |     1 ||     1
  Eat: Chunk             |     4 |     6 |    22 ||    32
Armor: Robe              |     6 |       |       ||     6
       Ring mail         |    38 |    69 |    57 ||   164
Dodge: Dodged            |    82 |    93 |    84 ||   259
Block: Buckler           |       |    30 |    37 ||    67
